 Dungeon Crawl Stone Soup version 0.30-a0-779-g7971cf19c3 (webtiles) character file.

Game seed: 3439311767390210636

4 Octodad the Insei (level 1, -2/13 HPs)
             Began as an Octopode Transmuter on Feb 18, 2023.
             Slain by a gnoll
             ... wielding a +0 halberd
              (10 damage)
             ... on level 2 of the Dungeon.
             The game lasted 00:02:15 (168 turns).

Octodad the Insei (Octopode Transmuter)              Turns: 168, Time: 00:02:16

Health: -2/13      AC:  1    Str:  9    XL:     1   Next: 70%
Magic:  2/3        EV: 13    Int: 15    God:
Gold:   29         SH:  0    Dex: 12    Spells: 3/4 levels left

rFire   . . .      SeeInvis .      - Unarmed
rCold   . . .      Faith    .    (no shield)
rNeg    . . .      Spirit   .    (helmet currently unavailable)
rPois   .          Reflect  .    (no amulet)
rElec   .          Harm     .    (no ring)
rCorr   .          Rampage  .    (no ring)
Will    .....                    (no ring)
Stlth   ++                       (no ring)
HPRegen 0.22/turn                (no ring)
MPRegen 0.08/turn                (no ring)
                                 (no ring)
                                 (no ring)

@: appendages (expiring)
A: tentacle spike 3, almost no armour, amphibious, 8 rings, camouflage 1,
gelatinous body 1, (nimble swimmer 1), tentacles
a: End Transformation


You were on level 2 of the Dungeon.
One of your tentacles had grown a beastly spike.
You visited 1 branch of the dungeon, and saw 2 of its levels.

You collected 29 gold pieces.

Inventory:

Armour
 c - an orb of mayhem
Scrolls
 b - a scroll of enchant armour {unknown}
Potions
 a - a potion of lignification


   Skills:
 + Level 1.1 Fighting
 + Level 2.0 Dodging
 + Level 0.2 Stealth
 + Level 3.0 Unarmed Combat
 - Level 2.0 Spellcasting
 * Level 2.1 Transmutations
 * Level 0.3 Ice Magic


You had 3 spell levels left.
You knew the following spells:

 Your Spells              Type           Power      Damage    Failure   Level
a - Beastly Appendage     Tmut           14%        N/A       10%         1

Your spell library contained the following spells:

 Spells                   Type           Power      Damage    Failure   Level
 Wereblood                Tmut           7%         N/A       14%         2
 Spider Form              Tmut/Pois      4%         N/A       41%         3
 Ice Form                 Ice/Tmut       5%         N/A       80%         4


Dungeon Overview and Level Annotations

Branches:
Dungeon (2/15)

Altars:


Innate Abilities, Weirdness & Mutations

One of your tentacles has grown a beastly spike.
You cannot wear most types of armour.
You are amphibious.
You can wear up to eight rings at the same time.
Your skin changes colour to match your surroundings (Stealth+).
Your rubbery body absorbs attacks. (AC +1, EV +1)
((You are camouflaged when in or above water. (Stealth+)))
You have tentacles for arms and can constrict up to eight enemies at once.


Message History

You see here a ball python corpse.
A bat comes into view.
A gnoll comes into view. It is wielding a +0 flail.
Your transformation is almost over.
The bat barely misses you.
You tentacle-slap the bat. Your grab misses the bat.
Your tentacle spike misses the bat.
The bat is severely wounded.
The bat closely misses you. The bat hits you but does no damage.
You tentacle-slap the bat.
You kill the bat!
A rat comes into view.
The gnoll shouts!
A gnoll comes into view. It is wielding a +0 halberd.
A ball python comes into view.
Your tentacle spike disappears.
The gnoll shouts!
You hear a shout!
An adder comes into view.
The ball python hisses angrily.
There is an open door here.
Casting: Beastly Appendage (safe; 10% risk of failure)
Confirm with . or Enter, or press ? or * to list all spells.
You don't know that spell.
One of your tentacles grows a vicious spike.
The rat misses you.
There is an open door here.
You tentacle-slap the rat.
You kill the rat!
You barely miss the ball python. You grab the ball python.
You constrict the ball python. The ball python bites you.
The ball python grabs you. The ball python constricts you.
The ball python bites you. The ball python constricts you.
You tentacle-slap the ball python.
You kill the ball python!
Your transformation is almost over.
The gnoll barely misses you. The gnoll hits you with a +0 halberd!
Ouch! That really hurt!
You die...

#..........# #..........# # ....
###.....g....# #. ...
......###....# #.######.# #+###
......# #....# ........# #.#..
......# #....# #......####.#..
......###....#### #......+.K#.#..
.gg....####....g###......##.#.#..
...............g@........'.......
........####....#........##.#.#..
.......†...#....#.....#.....#.##.
.......###.'....#.....#.......##.
.........###..........#..........
.........###..........#.........#
.........##...........#.#######.#
.........##...##......#..........
.........##...###.....####.......


You could see 2 gnolls.

Vanquished Creatures
  A bat (D:2)
  An endoplasm (D:2)
  2 ball pythons (D:2)
  A rat (D:2)
5 creatures vanquished.

Notes
Turn   | Place    | Note
-------+----------+-------------------------------------------
     0 | D:1      | Octodad the Octopode Transmuter began the quest for the
                  | Orb.
     0 | D:1      | Reached XP level 1. HP: 13/13 MP: 3/3
    15 | D:1      | You fall into a shaft and drop 1 floor!
   168 | D:2      | Slain by a gnoll

Illustrated notes

Levels and vault maps discovered:
D:1:      grunt_arrival_lava_bath, layout_basic,
          hellmonk_ecumenical_altar_zigzags
D:2:      layout_basic, minmay_lizard_king

Action                     || total
---------------------------++-------
  Melee: Unarmed           ||    11
         Constrict         ||     2
   Cast: Beastly Appendage ||     4
 Armour: Skin              ||     2
  Dodge: Dodged            ||     6

Table legend: (Time is in decaauts)
 A = Elapsed time spent in this place.
 B = Non-inter-level travel time spent in this place.
 C = Inter-level travel time spent in this place.
 D = Time resting spent in this place.
 E = Time spent auto-exploring this place.
 F = Levels seen in this place.
 G = Mean time per level.
                   A        B        C        D        E       F      G
               +--------+--------+--------+--------+--------+-----+--------+
         Total |    166 |    163 |      3 |      0 |     55 |   2 |   83.0 |
       Dungeon |    166 |    163 |      3 |      0 |     55 |   2 |   83.0 |
               +--------+--------+--------+--------+--------+-----+--------+

Top non-repeatable levels by time:
     D:2: 151 daAuts
     D:1: 15 daAuts
